 Dungeon Crawl Stone Soup version 0.26.1-11-gd32895ea62 (webtiles) character file.

Game seed: 791719412092976400

132246 OdinFK the Unseen (level 16, -1/76 HPs)
             Began as a Felid Enchanter on May 19, 2021.
             Was the Champion of Fedhas.
             Collided with a stone wall (22 damage)
             ... caused by a nagaraja
             ... on level 4 of the Snake Pit on May 21, 2021.
             The game lasted 04:28:22 (47883 turns).

OdinFK the Unseen (Felid Enchanter)                Turns: 47883, Time: 04:28:22

Health: -1/76      AC:  3    Str:  5    XL:     16   Next: 27%
Magic:  13/23      EV: 38    Int: 27    God:    Fedhas [******]
Gold:   585        SH:  0    Dex: 24    Spells: 1/19 levels left
                                        Lives:  0   Deaths: 2

rFire    . . .     SeeInvis +     - Unarmed
rCold    + . .     Faith    .   (shield unavailable)
rNeg     . . .     Spirit   .   (armour unavailable)
rPois    .         Reflect  .   (helmet unavailable)
rElec    .         Harm     .   (cloak unavailable)
rCorr    .         Rampage  .   (gloves unavailable)
Will     ++...                  (boots unavailable)
Stlth    +++++++++.             G - amulet of magic regeneration
HPRegen  0.22/turn              d - +6 ring of dexterity
MPRegen  0.43/turn              T - +6 ring of intelligence

@: lethally poisoned (-1 -> -13), quick
A: very small, no armour, no weapons or thrown items, stealth, claws 1, fangs 3,
see invisible, speed 1, shaggy fur 3, sharp paws
}: 1/15 runes: barnacled
a: Renounce Religion, Wall of Briars, Grow Ballistomycete, Overgrow, Grow Oklob


You were on level 4 of the Snake Pit.
You worshipped Fedhas.
Fedhas was exalted by your worship.
You visited 6 branches of the dungeon, and saw 32 of its levels.
You also visited: Bailey and Ice Cave.

You collected 2848 gold pieces.
You spent 2263 gold pieces at shops.

Inventory:

Jewellery
 a - an uncursed ring of resist corrosion
 d - a +6 ring of dexterity (left paw)
 l - a +6 ring of dexterity
 C - an uncursed ring of flight
 D - an uncursed ring of ice
 G - an amulet of magic regeneration (around neck)
 J - an uncursed ring of willpower
 T - a +6 ring of intelligence (right paw)
 U - an uncursed ring of protection from fire
Wands
 b - a wand of paralysis (6)
 q - a wand of disintegration (2)
 s - a wand of enslavement (8)
 F - a wand of acid (43)
 H - a wand of flame (27)
 K - a wand of digging (5)
 L - a wand of iceblast (9)
Scrolls
 e - 2 scrolls of fog
 f - 4 scrolls of fear
 g - 7 scrolls of amnesia
 j - 2 scrolls of holy word
 t - 4 scrolls of teleportation
 u - 20 scrolls of remove curse
 v - 4 scrolls of torment
 x - 4 scrolls of blinking
 y - 2 scrolls of vulnerability
 M - 4 scrolls of magic mapping
 Q - 6 scrolls of immolation
Potions
 c - 9 potions of curing
 h - 6 potions of attraction
 k - 5 potions of brilliance
 m - 4 potions of might
 n - 3 potions of mutation
 o - 4 potions of resistance
 p - 4 potions of haste
 r - 13 potions of ambrosia {unknown}
 w - a potion of heal wounds
 A - 6 potions of magic
 B - 4 potions of invisibility
 I - 2 potions of berserk rage
 N - 5 potions of cancellation
 O - 7 potions of lignification
 S - 3 potions of flight
Miscellaneous
 i - a condenser vane
 z - a phial of floods
 E - a tin of tremorstones (2/2)
 P - a phantom mirror


   Skills:
 - Level 12.0 Fighting
 + Level 20.5 Dodging
 + Level 20.7 Stealth
 - Level 10.0 Unarmed Combat
 - Level 2.0 Spellcasting
 - Level 19.0 Hexes
 - Level 5.0 Summonings
 + Level 14.0 Translocations
 - Level 1.0 Ice Magic
 - Level 8.0 Invocations
 - Level 5.0 Evocations


You had one spell level left.
You knew the following spells:

 Your Spells              Type           Power        Failure   Level
a - Summon Mana Viper     Hex/Summ       61%          1%          5
b - Ensorcelled Hibernat  Hex/Ice        100%         1%          2
c - Tukima's Dance        Hex            81%          0%          3
d - Dazzling Flash        Conj/Hex       100%         1%          3
e - Summon Forest         Summ/Tloc      26%          5%          5

Your spell library contained the following spells:

 Spells                   Type           Power        Failure   Level
 Corona                   Hex            90%          0%          1
 Apportation              Tloc           100%         1%          1
 Summon Small Mammal      Summ           100%         1%          1
 Animate Skeleton         Necr           4%           10%         1
 Magic Dart               Conj           8%           10%         1
 Pain                     Necr           8%           10%         1
 Shock                    Conj/Air       8%           10%         1
 Slow                     Hex            81%          0%          2
 Confusing Touch          Hex            81%          0%          3
 Call Imp                 Summ           29%          1%          2
 Gell's Gravitas          Tloc           33%          1%          3
 Inner Flame              Hex/Fire       52%          1%          3
 Summon Guardian Golem    Hex/Summ       61%          1%          3
 Cause Fear               Hex            40%          1%          4
 Fulminant Prism          Conj/Hex       26%          1%          4
 Leda's Liquefaction      Hex/Erth       26%          1%          4
 Call Canine Familiar     Summ           29%          3%          3
 Metabolic Englaciation   Hex/Ice        27%          4%          5
 Silence                  Hex/Air        26%          5%          5
 Yara's Violent Unravell  Hex/Tmut       26%          5%          5
 Swiftness                Air            2%           14%         2
 Frozen Ramparts          Ice            16%          19%         3
 Static Discharge         Conj/Air       2%           28%         3
 Stone Arrow              Conj/Erth      4%           28%         3
 Vampiric Draining        Necr           1%           28%         3
 Summon Ice Beast         Ice/Summ       18%          28%         4
 Summon Lightning Spire   Summ/Air       16%          34%         4
 Hailstorm                Conj/Ice       5%           61%         4
 Airstrike                Air            1%           67%         4
 Animate Dead             Necr           1%           67%         4
 Petrify                  Tmut/Erth      2%           67%         4
 Agony                    Necr           2%           95%         5
 Lightning Bolt           Conj/Air       1%           95%         5
 Conjure Ball Lightning   Conj/Air       1%           100%        6
 Freezing Cloud           Conj/Ice/Air   2%           100%        6
 Starburst                Conj/Fire      1%           100%        6
 Summon Hydra             Summ           14%          100%        7
 Tornado                  Air            1%           100%        9
 Portal Projectile        Hex/Tloc       Unusable     N/A         3

Dungeon Overview and Level Annotations

Branches:
Dungeon (15/15)            Temple (1/1) D:4            Lair (6/6) D:10
 Shoals (4/4) Lair:2        Snake (4/4) Lair:4        Slime (0/5) Lair:5
    Orc (2/2) D:12            Elf (0/3) Orc:2        Vaults (0/5) D:14
 Depths (0/5) D:15         Bailey (visited)           IceCv (visited)

Altars:
Ashenzari
Cheibriados
Dithmenos
Elyvilon
Fedhas
Gozag
Hepliaklqana
Kikubaaqudgha
Makhleb
Nemelex Xobeh
Okawaru
Qazlal
Ru
Sif Muna
Trog
Uskayaw
Vehumet
Wu Jian
Xom
Yredelemnul
Zin
The Shining One

Shops:
D:4 !   D:5 :   D:8 (   D:12 [   Orc:2 [*[(*   Shoals:2 !   Snake:1 ?
Snake:4 }=}

Annotations:
D:10 Erica
Lair:1 Tinylith's ghost, journeyman MiFi
Lair:6 2 runed translucent doors
Shoals:3 1 runed translucent door, LaularuKyrumo's ghost, adept NaBe
Shoals:4 Polyphemus
Snake:3 Mara; Nikola; Vashnia


Innate Abilities, Weirdness & Mutations

You cannot wear armour.
You are incapable of wielding weapons or throwing items.
Your paws allow you to move quietly. (Stealth)
You have sharp claws.
You have razor-sharp teeth.
You have supernaturally acute eyesight. (SInv)
You cover ground quickly.
Your thick and shaggy fur keeps you warm. (AC +3, rC+)
Your sharp claws are effective at attacking unaware monsters.


Message History

You feel sick.
Your mana viper bites the nagaraja!
The nagaraja's magic leaks into the air.
The nagaraja hits your mana viper with a +0 halberd!!
Your mana viper dies!
The nagaraja hits your mana viper with a +0 halberd!
The nagaraja misses your mana viper.
Your mana viper bites the nagaraja but does no damage.
You feel sick. The nagaraja misses your mana viper. x2
Your mana viper bites the nagaraja but does no damage.
The nagaraja spits poison at you. The splash of poison hits you.
You are more poisoned.
Your mana viper misses the nagaraja.
The nagaraja points at you and mumbles some strange words.
The lance of force hits you!!
* * * LOW HITPOINT WARNING * * *
You are knocked back by the lance of force.
You slam into the stone wall!
You die...
Fedhas appreciates your contribution to the ecosystem.

#..........#.# #).#.##.####.#
##.........##.## #...............
###########)..........##
#...NS....#.#.#..#....#.
##...#≈....#<.....#....#.
##...##≈≈...#.###..#....#. #
###...##§≈≈@.##.............
######....##§≈≈..###.###..#......
......)..##§§§..####.###..#...##.
........##≈§§§.##................
......###≈§≈..######.#######..###
#######≈≈§...## #.# ###.......
§§≈§§§§≈≈...## #.###.###..###
§≈≈§§≈≈≈≈..## ####.....# #..# #
≈≈≈≈≈§(....# #......#.# #..# #


You could see a nagaraja (fast, catching breath) and a friendly mana viper
(summoned).

Vanquished Creatures
  Asterion (Snake:1)
  Kirke (Shoals:3)
  An orc warlord (D:12)
  Aizul (Snake:1)
  Louise (D:14)
  2 merfolk javelineers (Shoals:4)
  4 merfolk impalers
  10 hydras
  6 naga warriors
  3 boulder beetles
  4 centaur warriors
  A merfolk avatar (Shoals:4)
  3 alligator snapping turtles (Shoals:4)
  5 anacondas
  A catoblepas (D:14)
  A merfolk aquamancer (Shoals:4)
  3 ogre magi
  A satyr (Shoals:4)
  23 two-headed ogres
  5 death yaks
  7 shock serpents
  Sonja (Lair:3)
  Urug (D:13)
  A deep elf knight (D:15)
  A naga sharpshooter (Snake:2)
  2 salamander mystics
  10 sea snakes
  3 naga ritualists (Snake:4)
  2 lindwurms
  A necromancer (D:9)
  2 orc knights
  9 salamanders
  10 harpies
  2 mana vipers
  9 manticores
  17 ugly things
  2 fauns
  An orc sorcerer (Orc:2)
  7 cyclopes
  2 deep elf magi
  10 elephants
  4 merfolk sirens
  23 black mambas
  4 guardian serpents
  4 naga magi
  Psyche (D:10)
  3 water nymphs
  A torpor snail (Lair:5)
  16 cane toads
  8 komodo dragons
  11 rime drakes
  A kobold demonologist (D:15)
  An efreet (D:15)
  Maggie (D:10)
  An ice devil (IceCv)
  3 polar bears
  10 merfolk
  3 meliai (D:13)
  5 wind drakes
  10 trolls
  A queen bee (Lair:2)
  A hornet (D:9)
  A dream sheep (shapeshifter) (D:15)
  5 blink frogs
  10 slime creatures
  9 snapping turtles
  A centaur simulacrum (D:15)
  9 dream sheep
  2 wraiths
  2 vampires
  8 basilisks
  A shadow (D:12)
  A water elemental (Shoals:2)
  36 yaks
  A fire elemental (Lair:2)
  8 wyverns
  A hog (Shoals:3)
  26 nagas
  3 vampire mosquitoes (D:12)
  5 wargs
  3 soldier ants
  An acid dragon (D:12)
  14 water moccasins
  5 hell hounds
  A two-headed ogre zombie (D:12)
  A meliai simulacrum (D:10)
  18 orc warriors
  2 sky beasts
  7 black bears
  4 phantoms
  An ice beast (D:9)
  29 ogres
  An eye of draining (D:11)
  13 centaurs
  9 wolves
  18 bullfrogs
  3 big kobolds
  A wyvern skeleton (D:9)
  4 scorpions
  6 wights
  3 troll zombies (D:12)
  24 killer bees
  5 howler monkeys
  4 electric eels (D:9)
  A spectral centaur (Lair:1)
  2 spectral bullfrogs (D:10)
  3 bullfrog zombies
  2 hounds
  21 jellies
  8 lava snakes
  3 centaur zombies
  2 centaur skeletons
  14 orc priests
  3 bullfrog skeletons
  7 iguanas
  9 worker ants
  20 orc wizards
  12 hell rats
  4 ogre zombies (D:12)
  A bullfrog simulacrum (D:10)
  13 adders
  7 gnolls
  A shadow imp (D:8)
  6 white imps
  6 ufetubi
  20 oozes
  An adder skeleton (D:6)
  2 adder zombies
  2 worms
  5 leopard geckos
  87 orcs
  7 bats
  7 giant cockroaches
  13 goblins
  4 hobgoblins
  2 jackals (D:4)
  10 quokkas
  5 ball pythons
  4 frilled lizards
  3 goblin skeletons (D:12)
  3 goblin zombies (D:12)
  A hobgoblin skeleton (D:12)
  4 hobgoblin zombies (D:12)
  26 kobolds
  A leopard gecko zombie (D:6)
  3 orc skeletons (D:12)
  11 orc zombies (D:12)
  A quokka skeleton (D:5)
  9 rats
971 creatures vanquished.

Vanquished Creatures (collateral kills)
  The ghost of Sokuv the Ruinous, an adept DECj of Sif Muna (Snake:1)
  5 nagarajas
  A reaper (IceCv)
  2 merfolk impalers (Shoals:4)
  Fannar (Lair:2)
  5 naga warriors
  2 merfolk avatars
  4 two-headed ogres (D:13)
  2 centaur warriors (D:15)
  2 merfolk aquamancers
  A tengu warrior (D:15)
  A death yak (Shoals:4)
  A hell knight (D:15)
  14 naga sharpshooters
  2 salamander mystics
  5 skeletal warriors (D:15)
  A nameless horror (D:15)
  A wizard (D:15)
  A sea snake (Shoals:4)
  3 naga ritualists
  10 harpies
  A lindwurm (Snake:4)
  2 mana vipers
  2 manticores
  3 fauns (Shoals:1)
  A guardian serpent (Snake:3)
  2 ice statues (IceCv)
  5 merfolk sirens
  3 black mambas (Snake:3)
  2 water nymphs
  11 naga magi
  A centaur skeleton (D:15)
  2 molten gargoyles (Lair:6)
  9 ice devils (IceCv)
  11 merfolk
  2 wind drakes
  2 snapping turtles
  A shadow (D:15)
  3 water elementals
  6 hogs (Shoals:3)
  19 nagas
  An orc warrior (Orc:2)
  2 ogres (Orc:2)
  8 centaurs
  10 wights
  6 white imps (IceCv)
  3 ufetubi (IceCv)
  2 orcs (Orc:2)
185 creatures vanquished.

Vanquished Creatures (others)
  A merfolk aquamancer (Shoals:4)
  A salamander mystic (Snake:4)
  11 dancing weapons
  2 white imps (IceCv)
  2 ufetubi (IceCv)
  78 bushes (D:15)
  110 fungi
  186 plants
  8 snaplasher vines
399 creatures vanquished.

Grand Total: 1555 creatures vanquished

Notes
Turn   | Place    | Note
-------+----------+-------------------------------------------
     0 | D:1      | OdinFK the Felid Enchanter began the quest for the Orb.
     0 | D:1      | Reached XP level 1. HP: 7/7 MP: 4/4
   583 | D:1      | Reached XP level 2. HP: 9/12 MP: 6/6
   586 | D:1      | Learned a level 2 spell: Ensorcelled Hibernation
   799 | D:1      | Reached skill level 1 in Fighting
  1057 | D:2      | Found a burning altar of Makhleb.
  1168 | D:2      | Reached XP level 3. HP: 14/15 MP: 7/7
  1583 | D:2      | Noticed a scorpion
  1622 | D:2      | Killed a scorpion
  1623 | D:2      | Reached skill level 5 in Hexes
  1623 | D:2      | Reached skill level 1 in Ice Magic
  1623 | D:2      | Reached XP level 4. HP: 6/19 MP: 1/8
  1627 | D:2      | Learned a level 3 spell: Tukima's Dance
  2165 | D:3      | Found a shimmering altar of Xom.
  2166 | D:3      | Found a basalt altar of Yredelemnul.
  2166 | D:3      | Found a broken altar of Ashenzari.
  2167 | D:3      | Found a snail-covered altar of Cheibriados.
  2228 | D:3      | Found a hide-covered altar of Uskayaw.
  2231 | D:3      | Noticed a +0 hand axe
  2232 | D:3      | Noticed a +0 hand axe
  2329 | D:3      | Reached skill level 5 in Stealth
  2434 | D:3      | Reached XP level 5. HP: 22/22 MP: 6/9
  2620 | D:4      | Noticed a phantom
  2932 | D:4      | Noticed an ogre
  3059 | D:4      | Reached skill level 1 in Evocations
  3078 | D:4      | Gained mutation: You are covered in thick fur. (AC +2)
                  | [Felid growth]
  3078 | D:4      | Reached XP level 6. HP: 11/26 MP: 0/10
  3213 | D:4      | Learned a level 3 spell: Dazzling Flash
  3263 | D:4      | Found a staircase to the Ecumenical Temple.
  3272 | Temple   | Entered the Ecumenical Temple
  3358 | Temple   | Became a worshipper of Fedhas Madash
  3582 | D:4      | Found Fasyn's Distillery.
  3591 | D:4      | Bought a potion of heal wounds for 65 gold pieces
  3591 | D:4      | Bought a potion of curing for 39 gold pieces
  4008 | D:4      | Reached skill level 1 in Invocations
  4008 | D:4      | Reached XP level 7. HP: 19/30 MP: 9/11
  4119 | D:5      | Entered Level 5 of the Dungeon
  4752 | D:5      | Noticed a gargoyle
  4945 | D:5      | Reached skill level 5 in Dodging
  5007 | D:5      | Found Zonol's Book Shoppe.
  5386 | D:6      | Reached * piety under Fedhas
  5387 | D:6      | Found an ancient bone altar of Kikubaaqudgha.
  5960 | D:6      | Reached XP level 8. HP: 24/34 MP: 1/12
  6204 | D:6      | Noticed a slime creature
  6312 | D:6      | Killed a slime creature
  6485 | D:6      | Reached ** piety under Fedhas
  7047 | D:7      | Found an ornate altar of the Wu Jian Council.
  7234 | D:7      | Reached skill level 10 in Hexes
  7269 | D:7      | Reached XP level 9. HP: 22/39 MP: 10/13
  7818 | D:8      | Noticed a two-headed ogre
  8018 | D:8      | Reached *** piety under Fedhas
  8731 | D:8      | Found Ystur's Weapon Shop.
  8774 | D:8      | Found a glowing golden altar of the Shining One.
  9426 | D:9      | Reached **** piety under Fedhas
  9851 | D:9      | Reached skill level 10 in Stealth
  9961 | D:9      | Reached skill level 5 in Fighting
  9961 | D:9      | Reached skill level 5 in Unarmed Combat
 10015 | D:9      | Reached skill level 10 in Dodging
 10778 | D:9      | Reached XP level 10. HP: 44/44 MP: 11/14
 11052 | D:10     | Entered Level 10 of the Dungeon
 11052 | D:10     | Noticed a red ugly thing
 11262 | D:10     | Noticed Maggie
 11271 | D:10     | Killed Maggie
 11422 | D:10     | Noticed Erica
 11464 | D:10     | Noticed Psyche
 11470 | D:10     | Killed Psyche
 11542 | D:10     | Found a staircase to the Lair.
 12177 | D:11     | Noticed a two-headed ogre
 12181 | D:11     | Killed a two-headed ogre
 12280 | D:11     | Found a flagged portal.
 12281 | D:11     | Noticed a manticore
 12339 | Bailey   | Entered a bailey
 12379 | Bailey   | Reached ***** piety under Fedhas
 12380 | Bailey   | Reached XP level 11. HP: 48/48 MP: 6/15
 13218 | D:11     | Noticed a brown ugly thing
 13225 | D:11     | Killed a brown ugly thing
 13257 | D:11     | Noticed a green ugly thing
 13264 | D:11     | Killed a green ugly thing
 13427 | D:11     | Noticed a two-headed ogre
 13434 | D:11     | Killed a two-headed ogre
 13500 | Lair:1   | Entered Level 1 of the Lair of Beasts
 13523 | Lair:1   | Noticed an eight-headed hydra
 14187 | Lair:2   | Noticed a five-headed hydra
 14191 | Lair:2   | Killed a five-headed hydra
 14227 | Lair:2   | Noticed Fannar
 14260 | Lair:2   | Noticed a four-headed hydra
 14268 | Lair:2   | Killed a four-headed hydra
 14548 | Lair:2   | Noticed a seven-headed hydra
 14790 | Lair:2   | Noticed a seven-headed hydra
 14813 | Lair:2   | Killed a seven-headed hydra
 14814 | Lair:2   | Gained mutation: Your thick and shaggy fur keeps you warm.
                  | (AC +3, rC+) [Felid growth]
 14814 | Lair:2   | Reached XP level 12. HP: 53/53 MP: 13/16
 14903 | Lair:2   | Found a staircase to the Shoals.
 14935 | Lair:2   | Noticed a six-headed hydra
 15238 | Lair:2   | Killed a six-headed hydra
 15239 | Lair:2   | Reached skill level 15 in Hexes
 15380 | D:10     | Found a runed translucent gate.
 15380 | D:10     | Found a runed translucent gate.
 15380 | D:10     | Found a runed translucent gate.
 15537 | D:5      | Bought the Catalogue of the Snowflakes and the Entourage
                  | for 680 gold pieces
 15578 | D:6      | Learned a level 5 spell: Summon Forest
 15713 | Lair:3   | Noticed a death yak
 15713 | Lair:3   | Noticed a death yak
 15713 | Lair:3   | Noticed a death yak
 15764 | Lair:3   | Reached skill level 1 in Translocations
 15768 | Lair:3   | Reached skill level 15 in Dodging
 16507 | Lair:4   | Reached skill level 1 in Summonings
 17151 | Lair:3   | Noticed Sonja
 17156 | Lair:3   | Noticed an eight-headed hydra
 17158 | Lair:3   | Killed Sonja
 17518 | Lair:4   | Found a staircase to the Snake Pit.
 17618 | Lair:4   | Reached ****** piety under Fedhas
 17669 | Lair:4   | Reached skill level 5 in Translocations
 18201 | Lair:4   | Reached skill level 15 in Stealth
 18447 | Lair:4   | Reached XP level 13. HP: 58/58 MP: 4/17
 19063 | Lair:5   | Found a staircase to the Slime Pits.
 19332 | Lair:6   | Entered Level 6 of the Lair of Beasts
 20038 | Lair:6   | Noticed an azure jelly
 21240 | Lair:6   | Noticed a fire dragon
 21301 | Lair:6   | Found a large runed translucent door.
 21303 | Lair:6   | Found a large runed translucent door.
 21614 | D:10     | Noticed Tinylith's ghost (journeyman MiFi)
 22573 | D:12     | Reached skill level 5 in Invocations
 23213 | D:12     | Reached XP level 14. HP: 51/63 MP: 13/18
 23433 | D:12     | Found Deimp's Armour Shoppe.
 23549 | D:12     | Found a staircase to the Orcish Mines.
 24300 | D:13     | Noticed Urug
 24408 | D:13     | Killed Urug
 25522 | D:13     | Found a basalt altar of Yredelemnul.
 25893 | Orc:1    | Entered Level 1 of the Orcish Mines
 26490 | Orc:1    | Noticed an orc warlord
 26718 | D:12     | Killed an orc warlord
 26928 | Orc:2    | Entered Level 2 of the Orcish Mines
 26928 | Orc:2    | Found Kaabair's General Store.
 27158 | Orc:2    | Bought a potion of magic for 88 gold pieces
 27158 | Orc:2    | Bought a scroll of identify for 22 gold pieces
 27161 | Orc:2    | Found a staircase to the Elven Halls.
 28233 | Orc:2    | Found Mile's Armour Boutique.
 28233 | Orc:2    | Found Enoguc's Armour Emporium.
 28233 | Orc:2    | Found Saliz's General Store.
 28233 | Orc:2    | Found Bunur's Weapon Shop.
 29080 | Orc:2    | Reached XP level 15. HP: 66/69 MP: 15/20
 29142 | Orc:2    | Reached skill level 10 in Fighting
 29201 | Orc:2    | Bought a phantom mirror for 520 gold pieces
 29201 | Orc:2    | Bought a potion of heal wounds for 65 gold pieces
 29856 | D:14     | Noticed Louise
 29864 | D:14     | Killed Louise
 30085 | D:14     | Identified 2 scrolls of acquirement
 30086 | D:14     | Acquired OdinFK's Compendium of the Captivating Glacier
 30097 | D:14     | Learned a level 5 spell: Summon Mana Viper
 30183 | D:14     | Found a gate to the Vaults.
 30377 | D:15     | Entered Level 15 of the Dungeon
 30549 | D:15     | Found a frozen archway.
 30560 | IceCv    | Entered an ice cave
 31685 | D:15     | Found a staircase to the Depths.
 31765 | D:15     | Reached skill level 10 in Translocations
 33673 | D:13     | Acquired a +6 ring of intelligence
 33811 | Lair:2   | Killed Fannar
 34204 | Shoals:1 | Entered Level 1 of the Shoals
 34316 | Shoals:1 | Reached XP level 16. HP: 49/73 MP: 6/21
 35357 | Shoals:2 | Found Daesi's Distillery.
 35360 | Shoals:2 | Bought 2 potions of cancellation for 224 gold pieces
 36128 | Shoals:2 | Reached skill level 5 in Evocations
 36359 | Shoals:2 | Reached skill level 5 in Summonings
 36589 | Shoals:3 | Found a runed translucent door.
 36591 | Shoals:3 | Noticed LaularuKyrumo's ghost (adept NaBe)
 37049 | Shoals:3 | Noticed Kirke
 37104 | Shoals:3 | Killed Kirke
 37186 | Shoals:4 | Entered Level 4 of the Shoals
 37327 | Shoals:4 | Noticed a kraken
 37456 | Shoals:4 | Noticed Polyphemus
 38582 | Shoals:4 | Killed from afar by a wind drake
 38583 | Shoals:4 | Reached XP level 15. HP: -3/70 MP: 8/21
 39080 | Shoals:4 | Hit by a silver javelin thrown by a merfolk javelineer
 39081 | Shoals:4 | Reached XP level 14. HP: -27/66 MP: 15/20
 39779 | Shoals:4 | Got a barnacled rune of Zot
 40120 | Snake:1  | Entered Level 1 of the Snake Pit
 40175 | Snake:1  | Reached XP level 15. HP: 51/70 MP: 21/21
 40312 | Snake:1  | Found a runed translucent door.
 40314 | Snake:1  | Noticed Sokuv's ghost (adept DECj)
 40367 | Snake:1  | Found Wiseyr's Magic Scroll Emporium.
 40498 | Snake:1  | Killed Sokuv's ghost
 40708 | Snake:1  | Noticed Asterion
 40711 | Snake:1  | Killed Asterion
 40978 | Snake:1  | Identified Wuellu's Grimoire of Feathery Conjuration
 41232 | Snake:1  | Noticed Aizul
 41234 | Snake:1  | Killed Aizul
 41291 | Snake:2  | Noticed a nagaraja
 41618 | Snake:2  | Reached skill level 10 in Unarmed Combat
 41958 | Snake:2  | Killed a nagaraja
 42924 | Snake:3  | Noticed Nikola
 43687 | Snake:3  | Noticed a nagaraja
 43701 | Snake:3  | Killed a nagaraja
 44079 | Snake:3  | Noticed Mara
 44105 | Snake:3  | Noticed a nagaraja
 44115 | Snake:3  | Killed a nagaraja
 44454 | Snake:3  | Noticed Vashnia
 44619 | Snake:3  | Noticed a nagaraja
 45120 | Snake:4  | Entered Level 4 of the Snake Pit
 45171 | Snake:4  | Reached XP level 16. HP: 75/76 MP: 12/23
 45451 | Snake:4  | Found Cioh's Gadget Shop.
 45453 | Snake:4  | Found Ytotre's Jewellery Emporium.
 45454 | Snake:4  | Found Voffag's Gadget Shop.
 45467 | Snake:4  | Bought a condenser vane for 560 gold pieces
 47883 | Snake:4  | Collided with a stone wall

Illustrated notes

Levels and vault maps discovered:
D:1:      dpeg_arrival_rooms_a, layout_loops_ring, minmay_shallow_snake_nest
D:2:      layout_loops_cross, bloody_makhleb, nrook_campfire
D:3:      layout_basic, dancing_weapons_uskayaw,
          chequers_temple_overflow_statue_of_worship, minmay_pentangle
D:4:      layout_loops_ring, minmay_temple_entry_statues_fountains,
          serial_glass, glass_columns_c, glass_columns_a, serial_shops,
          nicolae_shop_trees, chequers_serial_rivers_micro_a, minmay_ruptured
D:5:      layout_basic, serial_shops, kennysheep_little_box, minmay_manual_moon
D:6:      lemuel_slime, layout_basic, kiku_gazebo_pond_becter
D:7:      layout_gridville, kennysheep_mini
D:8:      layout_loops_ring, tso_oasis_becter, serial_shops, shop
D:9:      layout_basic, uniq_prince_ribbit1
D:10:     layout_roguey, due_lair_maze_entry_diamond,
          gammafunk_ghost_necromancy, roderic_roman_lattice,
          eino_house_with_fridge, uniq_maggie, uniq_psyche, uniq_erica
D:11:     layout_loops_ring, enter_bailey_3
D:12:     layout_layer_cave, zombieorc2_lemuel, serial_shops,
          nicolae_shop_crystal
D:13:     layout_stronghold, basic_altar, uniq_urug
D:14:     layout_rooms, david_vaults_1, abandoned_shop, kennysheep_inner_square,
          uniq_louise
D:15:     hangedman_depths_entry_civil_slaughter, layout_cave_pods,
          portal_ice_cave_rime, minmay_hedge_maze, special_room
          [special_room_mythical_zoo], eino_small_chamber_without_monster
Temple:   oiseaux_autumnal_temple
Lair:1:   layout_gridlike, serial_bayou_shore_b
Lair:2:   layout_gridlike, minmay_shoals_entry_centaurs, special_room
          [special_room_bee], amcnicky_mini_pool_medium,
          infiniplex_staircase_pool_2, uniq_fannar
Lair:3:   layout_cave_pods, uniq_sonja
Lair:4:   layout_misc_corridors, minmay_snake_entry_guardpost_medium,
          minmay_lair_drake_nest
Lair:5:   layout_long_grid, minmay_slime_entry_pillars, grunt_megastairs_2,
          lemuel_fruit_fields
Lair:6:   cheibrodos_lair_end_hotspot, layout_hall_layers, special_room
          [special_room_jelly]
Shoals:1: layout_shoals
Shoals:2: layout_shoals, serial_shops, nicolae_shop_behind_doors,
          nicolae_shoals_flooded_hall
Shoals:3: layout_shoals, ebering_ghost_inner_flame, uniq_kirke
Shoals:4: shoals_end_simple, layout_shoals, nicolae_shoals_kraken_intersection,
          uniq_polyphemus
Snake:1:  layout_misc_corridors, serial_shops, shop_statue,
          ebering_ghost_inner_flame, uniq_asterion, uniq_aizul
Snake:2:  layout_misc_corridors, nicolae_snake_biting_tails, grunt_megastairs_5
Snake:3:  layout_layer_cave, grunt_megastairs_1, uniq_nikola, uniq_mara,
          uniq_vashnia
Snake:4:  snake_pit_salamanders_mu, layout_basic, minmay_shop_grove
Orc:1:    layout_diamond_mine
Orc:2:    st_orc_ogre_mass, layout_caves, serial_shops, shop

Skill      XL: |  1  2  3  4  5  6  7  8  9 10 11 12 13 14 15 16 |
---------------+-------------------------------------------------+-----
Fighting       | 1 2 3 4 5 6 8 9 11 12 | 12.0
Dodging        | 3 4 5 8 10 12 14 16 17 18 20 | 20.5
Unarmed Combat | 2 3 4 5 6 7 8 10 9 | 10.0
Hexes          | 5 6 7 8 10 11 13 14 15 16 17 19 | 19.0
Ice Magic      | 1 |  1.0
Stealth        | 5 6 7 9 10 11 13 15 16 17 20 | 20.7
Evocations     | 1 2 4 5 |  5.0
Invocations    | 1 2 3 4 5 6 8 7 |  8.0
Translocations | 5 6 9 13 14 | 14.0
Summonings     | 1 2 3 4 5 |  5.0
Spellcasting   | |  2.0

Action                   |  1- 3 |  4- 6 |  7- 9 | 10-12 | 13-15 | 16-18 || total
-------------------------+-------+-------+-------+-------+-------+-------++-------
Melee: Unarmed           |    72 |   121 |   400 |   299 |   961 |   133 ||  1986
       Bite              |     9 |     3 |    50 |    33 |   112 |    14 ||   221
       Punch             |       |     1 |    12 |     8 |    33 |     3 ||    57
 Cast: Corona            |    10 |     2 |    17 |     6 |    31 |       ||    66
       Ensorcelled Hiber |    14 |    57 |   131 |   233 |   590 |    91 ||  1116
       Dazzling Flash    |       |       |     2 |    14 |    27 |       ||    43
       Tukima's Dance    |       |       |     5 |     3 |    60 |    18 ||    86
       Summon Mana Viper |       |       |       |       |   132 |    85 ||   217
       Summon Forest     |       |       |       |       |     4 |     5 ||     9
Invok: Overgrow          |       |       |       |       |     4 |     1 ||     5
       Wall of Briars    |       |       |       |       |     1 |     1 ||     2
Evoke: Wand              |       |     9 |     4 |     3 |    39 |     6 ||    61
       Tin of tremorston |       |       |       |       |     1 |       ||     1
       Phantom mirror    |       |       |       |       |     1 |       ||     1
  Use: Potion            |       |     1 |       |       |     7 |     5 ||    13
       Scroll            |       |       |     9 |     7 |    22 |    15 ||    53
 Stab: Sleeping          |    28 |    43 |   102 |   131 |   366 |    74 ||   744
       Invisible         |       |       |     2 |     5 |    19 |       ||    26
       Distracted        |       |       |     1 |     1 |    12 |     3 ||    17
       Paralysed         |       |       |       |     2 |     1 |       ||     3
Armor: Skin              |     1 |     6 |     6 |     8 |    25 |     3 ||    49
Dodge: Dodged            |    37 |   118 |   335 |   509 |  1394 |   307 ||  2700
